 Dungeon Sprint DCSS version 0.27-a0-1006-g1fd4cec11e (webtiles) character file.

Game seed: 15389796582301577816

19932 mhtbhm the Sorcerer (level 12, -22/59 HPs)
             Began as a Deep Elf Earth Elementalist on Apr 17, 2021.
             Was the Champion of Vehumet.
             Hit by a large rock thrown by a stone giant (24 damage)
             ... in the Dungeon (Sprint IX: "|||||||||||||||||||||||||||||").
             The game lasted 00:09:46 (3871 turns).

mhtbhm the Sorcerer (Deep Elf Earth Elementalist)   Turns: 3871, Time: 00:09:46

Health: -22/59     AC:  9    Str:  5    XL:     12   Next: 40%
Magic:  32/42      EV: 19    Int: 37    God:    Vehumet [******]
Gold:   239        SH:  0    Dex: 15    Spells: 42/60 levels left

rFire    . . .     SeeInvis .   a - +2 scimitar of Currency {venom, rPois rN+ Will-}
rCold    . . .     Faith    .   (no shield)
rNeg     + . .     Spirit   .   c - +2 robe of the Abyss {Int+5 Stlth+}
rPois    +         Reflect  .   u - +0 helmet
rElec    .         Harm     .   q - +2 cloak
rCorr    .         Rampage  .   n - +0 pair of gloves
Will     .....     NoTele   +   (no boots)
Stlth    ++++......             w - amulet of the acrobat
HPRegen  0.19/turn              t - +4 ring of evasion
MPRegen  0.28/turn              A - +6 ring of intelligence

@: no status effects
A: no striking features
a: Renounce Religion


You were in the Dungeon.
You worshipped Vehumet.
Vehumet was exalted by your worship.
You visited 1 branch You collected 1949 gold pieces.
You spent 1710 gold pieces at shops.

Inventory:

Hand Weapons
 a - the +2 scimitar of Currency (weapon) {venom, rPois rN+ Will-}
   (You found it in the Dungeon)

   It poisons the flesh of those it strikes.
   It protects you from poison.
   It protects you from negative energy.
   It decreases your willpower.
Missiles
 b - 8 stones
Armour
 c - the +2 robe of the Abyss (worn) {Int+5 Stlth+}
   (You bought it in a shop in the Dungeon)

   It affects your intelligence (+5).
   It makes you more stealthy.
 n - a +0 pair of gloves (worn)
 q - a +2 cloak (worn)
 u - a +0 helmet (worn)
Jewellery
 m - a ring of protection from cold
 t - a +4 ring of evasion (left hand)
 w - an amulet of the acrobat (around neck)
 z - a ring of protection from fire
 A - a +6 ring of intelligence (right hand)
Wands
 k - a wand of acid (14)
Scrolls
 i - 4 scrolls of blinking
 j - 2 scrolls of amnesia
 r - 2 scrolls of enchant armour
 s - 2 scrolls of fear
 y - a scroll of immolation
 C - 2 scrolls of enchant weapon
 D - a scroll of fog
Potions
 d - 6 potions of curing
 e - 10 potions of heal wounds
 f - 8 potions of haste
 g - 3 potions of magic
 h - 2 potions of berserk rage
 l - a potion of invisibility
 p - 3 potions of mutation
 v - 3 potions of attraction
 x - a potion of resistance {unknown}
 B - a potion of might


   Skills:
 + Level 7.5 Dodging
 + Level 6.1 Stealth
 + Level 24.5 Spellcasting
 + Level 5.3 Conjurations
 + Level 5.1 Transmutations
 + Level 0.7 Ice Magic
 + Level 21.9 Earth Magic
 + Level 4.4 Evocations


You had 42 spell levels left.
You knew the following spells:

 Your Spells              Type           Power      Damage    Failure   Level
a - Sandblast             Erth           100%       2d20      0%          1
b - Passwall              Tmut/Erth      81%        N/A       0%          2
c - Stone Arrow           Conj/Erth      100%       3d13      0%          3
d - Lee's Rapid Deconstr  Erth           59%        3d28*     0%          5
e - Petrify               Tmut/Erth      98%        N/A       1%          4
f - Frozen Ramparts       Ice            100%       1d12      1%          3

Your spell library contained the following spells:

 Spells                   Type           Power      Damage    Failure   Level
 Starburst                Conj/Fire      30%        8x6d9     7%          6


Dungeon Overview and Level Annotations

Branches:
Dungeon (1/1)

Altars:
Cheibriados
Dithmenos
Elyvilon
Fedhas
Gozag
Hepliaklqana
Kikubaaqudgha
Makhleb
Nemelex Xobeh
Okawaru
Qazlal
Ru
Sif Muna
Trog
Uskayaw
Vehumet
Wu Jian
Xom
Yredelemnul
Zin
The Shining One
Beogh
Jiyva
Lugonu

Shops:
D [*[!


Message History

a +0 battleaxe; a +0 plate armour You see here a +3 ring of intelligence.
There is an open door to the Dungeon here.
A stone giant comes into view.
Casting: Lee's Rapid Deconstruction (safe; 0% risk of failure)
Confirm with . or Enter, or press ? or * to list all spells.
Aiming: Petrify (safe; 1% risk of failure)
Press: ? - help, Shift-Dir - straight line, f - stone giant
Aim: a stone giant, quivering large rocks (asleep, chance to affect: 40%)
The stone giant shouts!
The stone giant resists with some effort.
The stone giant throws a large rock.
The large rock hits you!!
There is an open door to the Dungeon here.
You see here a +3 ring of intelligence.
You close the door.
You feel better.
Things that are here:
a +0 battleaxe; a +0 plate armour A stone giant opens the door.
Casting: Petrify (safe; 1% risk of failure)
Confirm with . or Enter, or press ? or * to list all spells.
Aiming: Lee's Rapid Deconstruction (safe; 0% risk of failure)
Press: ? - help, Dir - move target, p - stone giant An open door to the Dungeon.
The stone door frame shatters!
The blast of rock fragments hits the stone giant!
The stone giant is lightly wounded.
The stone giant throws a large rock.
The large rock hits you!!!
Ouch! That really hurt!
* * * LOW HITPOINT WARNING * * *
Casting: Lee's Rapid Deconstruction (safe; 0% risk of failure)
Confirm with . or Enter, or press ? or * to list all spells.
Aiming: Lee's Rapid Deconstruction (safe; 0% risk of failure)
Press: ? - help, Dir - move target An open door to the Dungeon.
The stone door frame shatters!
The blast of rock fragments hits the stone giant!!
The stone giant is moderately wounded.
The stone giant throws a large rock.
The large rock hits you!!
You die...

▓.▓.▓.▓.▓.▓.▓.▓
▓.▓.▓.▓.▓.▓.▓)▓
▓C▓.▓)▓.▓.▓.▓.▓
▓'▓.▓)▓.▓†▓.▓.▓
▓=▓.▓)▓.▓†▓.▓'▓
▓.▓.▓)▓.▓.▓.▓_▓
▓)▓.▓)▓.▓.▓.▓_▓
▓.▓.▓.▓.▓.▓.▓_▓
▓@▓.▓.▓.▓.▓.▓_▓
▓.▓.▓.▓.▓.▓.▓_▓
▓.▓.▓.▓.▓.▓.▓_▓
▓.▓.▓.▓.▓.▓.▓_▓
▓.▓.▓.▓.▓.▓.▓_▓
▓.▓.▓.▓.▓.▓.▓_▓
▓[▓.▓.▓.▓'▓.▓_▓
▓[▓.▓.▓.▓÷▓.▓_▓
▓)▓.▓.▓.▓.▓.▓_▓


You could see a stone giant.

Vanquished Creatures
  A very ugly thing (D)
  3 hydras (D)
  A two-headed ogre (D)
  3 orc high priests (D)
  A deep troll earth mage (D)
  A skeletal warrior (D)
  A harpy (shapeshifter) (D)
  3 orc knights (D)
  3 ugly things (D)
  7 orc sorcerers (D)
  A cyclops (D)
  Maurice (D)
  An elephant (D)
  5 cane toads (D)
  A yaktaur (shapeshifter) (D)
  A freezing wraith (D)
  3 komodo dragons (D)
  A troll (D)
  A tengu conjurer (D)
  3 polar bears (D)
  A blink frog (D)
  A yak (D)
  A vampire mosquito (D)
  A steam dragon (D)
  4 wargs (D)
  3 water moccasins (D)
  A hell hound (D)
  8 orc warriors (D)
  3 wolves (D)
  A scorpion (D)
  2 orc priests (D)
  A hound (D)
  3 orc wizards (D)
  A hell rat (D)
  An adder (D)
  A dart slug (D)
  14 orcs (D)
  A ball python (D)
  A hobgoblin (D)
  A ball python zombie (D)
  A giant cockroach simulacrum (D)
  2 jackal zombies (D)
  A kobold (D)
  A rat (D)
97 creatures vanquished.

Vanquished Creatures (others)
  A vampire (D)
  An orc (D)
2 creatures vanquished.

Grand Total: 99 creatures vanquished

Notes
Turn   | Place    | Note
-------+----------+-------------------------------------------
     0 | D        | mhtbhm the Deep Elf Earth Elementalist began the quest for
                  | the Orb.
     0 | D        | Reached XP level 1. HP: 10/10 MP: 6/6
    75 | D        | Noticed an orc wizard
    75 | D        | Noticed a hound
    75 | D        | Noticed a scorpion
    77 | D        | Killed a scorpion
    78 | D        | Reached skill level 6 in Spellcasting
    78 | D        | Reached XP level 2. HP: 15/15 MP: 6/11
    78 | D        | Reached XP level 3. HP: 19/19 MP: 6/12
    78 | D        | Reached XP level 4. HP: 24/24 MP: 7/14
   130 | D        | Learned a level 2 spell: Passwall
   134 | D        | Learned a level 3 spell: Stone Arrow
   145 | D        | Reached skill level 7 in Spellcasting
   182 | D        | Found a snail-covered altar of Cheibriados.
   182 | D        | Found a shadowy altar of Dithmenos.
   182 | D        | Found a white marble altar of Elyvilon.
   182 | D        | Found a blossoming altar of Fedhas.
   182 | D        | Found an opulent altar of Gozag.
   183 | D        | Found a hazy altar of Hepliaklqana.
   184 | D        | Found a viscous altar of Jiyva.
   185 | D        | Found an ancient bone altar of Kikubaaqudgha.
   186 | D        | Found a corrupted altar of Lugonu.
   187 | D        | Found a burning altar of Makhleb.
   188 | D        | Found a sparkling altar of Nemelex Xobeh.
   189 | D        | Found an iron altar of Okawaru.
   190 | D        | Found a stormy altar of Qazlal.
   191 | D        | Found a sacrificial altar of Ru.
   192 | D        | Found a shimmering blue altar of Sif Muna.
   193 | D        | Found a bloodstained altar of Trog.
   194 | D        | Found a hide-covered altar of Uskayaw.
   195 | D        | Found a radiant altar of Vehumet.
   196 | D        | Found an ornate altar of the Wu Jian Council.
   197 | D        | Found a shimmering altar of Xom.
   198 | D        | Found a basalt altar of Yredelemnul.
   199 | D        | Found a glowing silver altar of Zin.
   200 | D        | Found a glowing golden altar of the Shining One.
   205 | D        | Became a worshipper of Vehumet
   220 | D        | Got the +2 scimitar of Currency {venom, rPois rN+ Will-}
   239 | D        | Noticed a vampire mosquito
   239 | D        | Noticed a steam dragon
   239 | D        | Noticed a komodo dragon
   239 | D        | Noticed a troll
   242 | D        | Killed a troll
   243 | D        | Reached skill level 5 in Dodging
   243 | D        | Reached skill level 5 in Stealth
   243 | D        | Reached skill level 10 in Spellcasting
   243 | D        | Reached XP level 5. HP: 28/28 MP: 14/20
   243 | D        | Reached XP level 6. HP: 32/32 MP: 14/21
   243 | D        | Killed a steam dragon
   243 | D        | Reached * piety under Vehumet
   243 | D        | Offered knowledge of Foxfire by Vehumet.
   244 | D        | Reached skill level 11 in Spellcasting
   519 | D        | Learned a level 5 spell: Lee's Rapid Deconstruction
   524 | D        | Learned a level 4 spell: Petrify
   528 | D        | Killed a komodo dragon
   529 | D        | Reached skill level 12 in Spellcasting
   529 | D        | Reached skill level 1 in Conjurations
   529 | D        | Reached XP level 7. HP: 36/36 MP: 12/24
   530 | D        | Killed a vampire mosquito
   622 | D        | Reached ** piety under Vehumet
   622 | D        | Offered knowledge of Searing Ray by Vehumet.
   659 | D        | Noticed a harpy
   659 | D        | Noticed a two-headed ogre
   659 | D        | Noticed a four-headed hydra
   659 | D        | Noticed a four-headed hydra
   659 | D        | Noticed a cyclops
   659 | D        | Noticed a vampire
   662 | D        | Killed a vampire
   663 | D        | Reached skill level 13 in Spellcasting
   663 | D        | Reached skill level 1 in Evocations
   663 | D        | Killed a cyclops
   664 | D        | Reached XP level 8. HP: 41/41 MP: 22/27
   666 | D        | Killed a four-headed hydra
   666 | D        | Killed a four-headed hydra
   667 | D        | Reached skill level 16 in Spellcasting
   667 | D        | Reached skill level 15 in Earth Magic
   667 | D        | Reached XP level 9. HP: 45/45 MP: 17/31
   668 | D        | Killed a two-headed ogre
   668 | D        | Reached *** piety under Vehumet
   669 | D        | Reached skill level 17 in Spellcasting
   669 | D        | Killed a harpy
   882 | D        | Noticed a cane toad
   882 | D        | Noticed a cane toad
   882 | D        | Noticed an eight-headed hydra
   882 | D        | Noticed a cane toad
   882 | D        | Noticed a komodo dragon
   886 | D        | Killed a komodo dragon
   886 | D        | Offered knowledge of Mephitic Cloud by Vehumet.
   887 | D        | Reached skill level 18 in Spellcasting
   887 | D        | Reached XP level 10. HP: 50/50 MP: 19/34
   888 | D        | Killed a cane toad
   888 | D        | Reached **** piety under Vehumet
   888 | D        | Killed an eight-headed hydra
   889 | D        | Reached skill level 19 in Spellcasting
   889 | D        | Killed a cane toad
   892 | D        | Noticed an elephant
   892 | D        | Killed a cane toad
   896 | D        | Reached ***** piety under Vehumet
  1052 | D        | Killed an elephant
  1052 | D        | Offered knowledge of Inner Flame by Vehumet.
  1126 | D        | Noticed a cane toad
  1130 | D        | Reached skill level 20 in Spellcasting
  1133 | D        | Noticed a cane toad
  1134 | D        | Killed a cane toad
  1138 | D        | Killed a cane toad
  1138 | D        | Reached ****** piety under Vehumet
  1139 | D        | Reached XP level 11. HP: 54/54 MP: 7/37
  1453 | D        | Offered knowledge of Frozen Ramparts by Vehumet.
  1458 | D        | Learned a level 3 spell: Frozen Ramparts
  1497 | D        | Offered knowledge of Bolt of Magma by Vehumet.
  1507 | D        | Reached skill level 21 in Spellcasting
  1815 | D        | Offered knowledge of Conjure Ball Lightning by Vehumet.
  2057 | D        | Noticed an orc sorcerer
  2057 | D        | Noticed an orc high priest
  2066 | D        | Noticed a sun demon
  2069 | D        | Killed an orc high priest
  2072 | D        | Killed an orc sorcerer
  2334 | D        | Offered knowledge of Eringya's Noxious Bog by Vehumet.
  2360 | D        | Noticed an orc high priest
  2365 | D        | Killed an orc high priest
  2573 | D        | Found Cagg's Distillery.
  2573 | D        | Noticed an orc sorcerer
  2573 | D        | Noticed an orc sorcerer
  2573 | D        | Noticed an orc sorcerer
  2578 | D        | Killed an orc sorcerer
  2579 | D        | Reached skill level 22 in Spellcasting
  2581 | D        | Killed an orc sorcerer
  2581 | D        | Noticed an orc sorcerer
  2582 | D        | Killed an orc sorcerer
  2583 | D        | Reached skill level 5 in Conjurations
  2588 | D        | Noticed an orc sorcerer
  2593 | D        | Paralysed by an orc sorcerer for 5 turns
  2598 | D        | Killed an orc sorcerer
  2598 | D        | Killed an orc sorcerer
  2846 | D        | Found Joffuosa's Armour Shop.
  2850 | D        | Found Aluge's Assorted Antiques.
  2866 | D        | Found Wasy's Antique Armour Shop.
  2868 | D        | Noticed an orc knight
  2870 | D        | Noticed an orc sorcerer
  2872 | D        | Killed an orc sorcerer
  2872 | D        | Offered knowledge of Iskenderun's Battlesphere by Vehumet.
  2873 | D        | Noticed an orc high priest
  2878 | D        | Killed an orc high priest
  2880 | D        | Killed an orc knight
  2881 | D        | Reached skill level 23 in Spellcasting
  3020 | D        | Bought the +2 robe of the Abyss {Int+5 Stlth+} for 403 gold
                  | pieces
  3027 | D        | Bought a potion of curing for 33 gold pieces
  3027 | D        | Bought a potion of haste for 110 gold pieces
  3027 | D        | Bought a potion of curing for 33 gold pieces
  3027 | D        | Bought a potion of heal wounds for 55 gold pieces
  3027 | D        | Bought a potion of heal wounds for 55 gold pieces
  3027 | D        | Bought a potion of mutation for 88 gold pieces
  3027 | D        | Bought a potion of haste for 110 gold pieces
  3031 | D        | Bought a scroll of enchant armour for 187 gold pieces
  3031 | D        | Bought 2 fizzy silvery potions for 45 gold pieces
  3031 | D        | Bought a fizzy silvery potion for 22 gold pieces
  3031 | D        | Bought a green potion for 22 gold pieces
  3031 | D        | Bought a fizzy brown potion for 22 gold pieces
  3035 | D        | Bought 2 potions of haste for 500 gold pieces
  3035 | D        | Bought a scroll labelled IFIMAL OMIFIO for 25 gold pieces
  3099 | D        | Noticed Maurice
  3102 | D        | Killed Maurice
  3285 | D        | Noticed a skeletal warrior
  3285 | D        | Noticed a green ugly thing
  3285 | D        | Noticed an orc knight
  3293 | D        | Killed an orc knight
  3294 | D        | Reached XP level 12. HP: 59/59 MP: 26/41
  3302 | D        | Offered knowledge of Spellforged Servitor by Vehumet.
  3567 | D        | Noticed a purple very ugly thing
  3574 | D        | Killed a purple very ugly thing
  3575 | D        | Reached skill level 24 in Spellcasting
  3607 | D        | Noticed a deep troll earth mage
  3610 | D        | Killed a deep troll earth mage
  3610 | D        | Offered knowledge of Starburst by Vehumet.
  3611 | D        | Reached skill level 5 in Transmutations
  3855 | D        | Noticed a stone giant
  3870 | D        | HP: 1/59 [stone giant/large rock (39)]
  3871 | D        | Hit by a large rock thrown by a stone giant

Illustrated notes

Levels and vault maps discovered:
D:        linesprint [early_d, line_temple, items_1, d_10, items_2, lair_1,
          lair_end, items_3, orc_1, orc_end, items_4, d_15, swamp_1, shoals_1,
          snake_1, spider_1, d_20, vaults_1, items_5, swamp_end, shoals_end,
          snake_end, spider_end, vaults_end, d_27, items_6, zot_1, zot_end,
          crypt_end, forest_end, elf_end, slime_end, tomb_end, abyss_end,
          pan_hell_end]

Skill      XL: |  1  2  3  4  5  6  7  8  9 10 11 12 |
---------------+-------------------------------------+-----
Stealth        | 4 5 6 |  6.1
Earth Magic    | 7 11 12 14 15 16 19 21 | 21.9
Dodging        | 3 5 6 7 |  7.5
Spellcasting   | 6 10 12 13 16 18 20 23 24 | 24.5
Transmutations | 2 4 5 |  5.1
Conjurations   | 1 2 3 5 |  5.3
Evocations     | 1 2 3 4 |  4.4
Ice Magic      | |  0.7

Action                   |  1- 3 |  4- 6 |  7- 9 | 10-12 || total
-------------------------+-------+-------+-------+-------++-------
 Cast: Sandblast         |     7 |     8 |     1 |     8 ||    24
       Stone Arrow       |       |     3 |     2 |    29 ||    34
       Lee's Rapid Decon |       |       |    10 |    77 ||    87
       Petrify           |       |       |       |    15 ||    15
       Frozen Ramparts   |       |       |       |     1 ||     1
Evoke: Wand              |       |     2 |     2 |     4 ||     8
  Use: Scroll            |       |     1 |       |     3 ||     4
       Potion            |       |     1 |       |     3 ||     4
Armor: Robe              |       |     2 |       |     6 ||     8
Dodge: Dodged            |     2 |     3 |     1 |    10 ||    16
       Rpst.: Scimitar   |       |       |       |     2 ||     2

Table legend: (Time is in decaauts)
 A = Elapsed time spent in this place.
 B = Non-inter-level travel time spent in this place.
 C = Inter-level travel time spent in this place.
 D = Time resting spent in this place.
 E = Time spent auto-exploring this place.
 F = Levels seen in this place.
 G = Mean time per level.
                   A        B        C        D        E       F      G
               +--------+--------+--------+--------+--------+-----+--------+
         Total |   3867 |   3867 |      0 |   2453 |    514 |   1 | 3867.0 |
       Dungeon |   3867 |   3867 |      0 |   2453 |    514 |   1 | 3867.0 |
               +--------+--------+--------+--------+--------+-----+--------+

Top non-repeatable levels by time:
       D: 3867 daAuts
